 Dungeon Crawl Stone Soup version 0.20.1-1-g8b1a95d (webtiles) character file.

571 OneorTwo the Sneak (level 7, -3/36 HPs)
             Began as a Spriggan Assassin on Aug 3, 2017.
             Was a Follower of Okawaru.
             Slain by an orc
             ... wielding a +0 trident
              (8 damage)
             ... on level 4 of the Dungeon.
             The game lasted 00:22:45 (5593 turns).

OneorTwo the Sneak (Spriggan Assassin)              Turns: 5593, Time: 00:22:46

Health: -3/36      AC:  4    Str:  8    XL:     7   Next: 11%
Magic:  4/8        EV: 26    Int: 13    God:    Okawaru [*.....]
Gold:   149        SH:  0    Dex: 18    Spells: 6/6 levels left

rFire    . . .     SeeInvis +   a - +2 dagger
rCold    . . .     Gourm    .   (shield restricted)
rNeg     . . .     Faith    .   c - +0 robe
rPois    .         Spirit   .   (helmet restricted)
rElec    .         Reflect  .   d - +1 cloak
rCorr    .         Harm     .   (gloves unavailable)
MR       +....                  (boots unavailable)
Stlth    +++++.....             (no amulet)
Regen    0.2/turn               z - ring of see invisible
MPRegen  0.2/turn               (no ring)

@: heroism, very quick
A: unfitting armour, see invisible, herbivore 3, speed 3, slow metabolism 2
a: Heroism, Renounce Religion


You were on level 4 of the Dungeon.
You worshipped Okawaru.
Okawaru was aware of your devotion.
You were not hungry.

You visited 1 branch of the dungeon, and saw 4 of its levels.

You collected 149 gold pieces.

Inventory:

Hand Weapons
 a - a +2 dagger (weapon)
 b - a +0 blowgun
 A - a +1 lajatang of speed
Missiles
 h - 92 stones (quivered)
 y - a throwing net
 B - 3 poisoned needles
Armour
 c - a +0 robe (worn)
 d - a +1 cloak (worn)
Jewellery
 z - a ring of see invisible (left hand)
 C - an uncursed ring of poison resistance {unknown}
Wands
 s - a wand of digging (20/24)
 u - a wand of clouds (7/9)
Scrolls
 e - a scroll of remove curse
 r - a scroll of noise {unknown}
 t - 2 scrolls of fear
 v - 3 scrolls of identify
 E - a scroll of recharging
Potions
 i - a potion of mutation {unknown}
 j - 2 potions of curing {unknown}
 k - a potion of brilliance {unknown}
 l - a potion of berserk rage {unknown}
 m - a potion of cancellation {unknown}
 n - a potion of degeneration {unknown}
 o - a potion of magic {unknown}
 p - 3 potions of heal wounds {unknown}
 q - 2 potions of ambrosia
 w - a potion of might {unknown}
 x - 2 potions of flight {unknown}
Comestibles
 g - a bread ration
 D - 2 fruits


   Skills:
 + Level 3.0(8.0) Fighting
 + Level 4.2(9.2) Short Blades
 * Level 4.2(9.2) Throwing
 + Level 4.7(9.7) Dodging
 + Level 7.7(12.7) Stealth


You had 6 spell levels left.
You didn't know any spells.

Dungeon Overview and Level Annotations

Branches:
Dungeon (4/15)
 Temple: D:4-7

Altars:
Dithmenos
Elyvilon
Makhleb
Okawaru
Trog

Annotations:
D:4 Timson's ghost, amateur CeHu


Innate Abilities, Weirdness & Mutations

You are very small and have problems with some larger weapons.
You are too small for most types of armour.
You have supernaturally acute eyesight. (SInv)
You are a herbivore.
You cover ground extremely quickly.
You need consume almost no food.


Message History

You hit Timson's ghost but do no damage.
Timson's ghost is almost destroyed.
The orc completely misses you.
You hit Timson's ghost.
Timson's ghost is almost destroyed.
Timson's ghost closely misses you.
You completely miss Timson's ghost.
Timson's ghost is almost destroyed.
The orc misses you.
You hit Timson's ghost but do no damage.
Timson's ghost is almost destroyed.
Timson's ghost screams, "Don't try to defend!
You have no chance!"
Timson's ghost barely misses you.
You hit Timson's ghost but do no damage.
Timson's ghost is almost destroyed.
You closely miss Timson's ghost. Your punch misses Timson's ghost.
Timson's ghost is almost destroyed.
Timson's ghost misses you.
The orc hits you from afar with a trident!
You die...

#.......o......#
#..........#####
...........#
#..........#
##).......## ##
#........W.# .#
#..........# .#
#..........########.#
.............ooW@...#
#...........####<((.#
##........#.........#
##......#######....#
######## #......
#....### ######


You could see Timson's ghost and 2 orcs.

Vanquished Creatures
  An ogre (D:4)
  A bullfrog (D:3)
  2 hounds
  2 orc priests
  Terence (D:2)
  A worker ant (D:4)
  3 orc wizards
  4 gnolls (D:3)
  3 adders
  2 worms
  2 dart slugs (D:1)
  4 leopard geckos
  16 orcs
  2 giant cockroaches
  4 goblins
  7 hobgoblins
  8 jackals
  6 kobolds
  2 quokkas (D:3)
  3 ball pythons
  4 bats
  5 frilled lizards
  7 rats
90 creatures vanquished.

Vanquished Creatures (others)
  2 orcs (D:3)
  A quokka (D:3)
3 creatures vanquished.

Grand Total: 93 creatures vanquished

Notes
Turn   | Place    | Note
-------+----------+-------------------------------------------
     0 | D:1      | OneorTwo the Spriggan Assassin began the quest for the Orb.
     0 | D:1      | Reached XP level 1. HP: 10/10 MP: 2/2
   182 | D:1      | Reached skill level 6 in Stealth
   253 | D:1      | Reached XP level 2. HP: 14/14 MP: 3/3
   867 | D:2      | Reached XP level 3. HP: 5/18 MP: 4/4
  1105 | D:2      | Found a bloodstained altar of Trog.
  1126 | D:2      | Noticed Terence
  1164 | D:2      | Killed Terence
  1229 | D:2      | Found a burning altar of Makhleb.
  1307 | D:2      | Reached XP level 4. HP: 5/23 MP: 5/5
  1699 | D:2      | Found an iron altar of Okawaru.
  2528 | D:2      | Became a worshipper of Warmaster Okawaru
  2653 | D:3      | Reached skill level 7 in Stealth
  2653 | D:3      | Reached XP level 5. HP: 6/26 MP: 6/6
  2979 | D:3      | HP: 1/26 [gnoll (8)]
  3389 | D:3      | Found a white marble altar of Elyvilon.
  4036 | D:3      | Reached XP level 6. HP: 12/32 MP: 7/7
  4668 | D:3      | Found a shadowy altar of Dithmenos.
  4863 | D:4      | Reached * piety under Okawaru
  5369 | D:4      | Noticed Timson's ghost (amateur CeHu)
  5425 | D:4      | Reached XP level 7. HP: 30/35 MP: 8/8
  5593 | D:4      | Slain by an orc

Skill      XL: |  1  2  3  4  5  6  7 |
---------------+----------------------+-----
Stealth        | 6 7 |  7.7
Dodging        | 2 3 4 |  4.7
Fighting       | 2 3 |  3.0
Short Blades   | 3 4 |  4.2
Throwing       | 3 4 |  4.2

Action                   |  1- 3 |  4- 6 |  7- 9 || total
-------------------------+-------+-------+-------++-------
Melee: Dagger            |    93 |   314 |    79 ||   486
       Punch             |       |       |     1 ||     1
 Fire: Blowgun           |    21 |    36 |     6 ||    63
Throw: Stone             |     3 |       |       ||     3
Invok: Heroism           |       |       |     3 ||     3
  Use: Scroll            |       |     6 |       ||     6
 Stab: Sleeping          |     3 |     8 |       ||    11
  Eat: Bread ration      |       |     1 |       ||     1
Armor: Robe              |     9 |    42 |     2 ||    53
Dodge: Dodged            |    59 |   210 |    73 ||   342
